 Dungeon Sprint DCSS version 0.18-a0-1805-g8ab820f (webtiles) character file.

69226 Kidiri the Imperceptible (level 14, -21/77 HPs)
             Began as a Spriggan Enchanter on Apr 26, 2016.
             Was the Champion of Dithmenos.
             Demolished by a large abomination (26 damage)
             ... summoned by Pasual
             ... in the Dungeon (Sprint II: "The Violet Keep of Menkaure").
             The game lasted 01:11:21 (6379 turns).

Kidiri the Imperceptible (Spriggan Enchanter)       Turns: 6379, Time: 01:11:21

Health: -21/77     AC:  9    Str: 12    XL:     14   Next: 89%
Magic:  40/58      EV: 38    Int: 29    God:    Dithmenos [******]
Gold:   3239       SH:  0    Dex: 20    Spells: 10 memorised, 25 levels left

rFire  + . .     SeeInvis +     i - +2 rapier "Luhyas" {pain, rPois rN+ Int+2 SInv}
rCold  . . .     Gourm    .     D - +0 robe of Balo {Str+6}
rNeg   + + .     Faith    .     (shield restricted)
rPois  +         Spirit   .     h - +3 hat of Pondering {ponderous, MR+ MP+10 Int+5}
rElec  .         Dismiss  .     a - +2 cloak
rCorr  .         Reflect  .     (gloves unavailable)
SustAt .         Harm     .     (boots unavailable)
MR     ++++.     NoTele   +     O - amulet of Eternity {-Tele Regen+ MP+9 Int-2 Stlth+}
Stlth  ++++++++..               r - +5 ring of intelligence
                                f - ring "Geuklann" {rF+ rN+ MR+ Str+3 SInv}

@: wreathed by umbra, studying 3 skills, very quick, incredibly resistant to
hostile enchantments, extraordinarily stealthy
A: unfitting armour, see invisible, herbivore 3, speed 3, slow metabolism 2
a: Shadow Step, Shadow Form, Renounce Religion
0: Orb of Zot


You were in the Dungeon.
You worshipped Dithmenos.
Dithmenos was exalted by your worship.
You were not hungry.

You visited 1 branch You collected 6230 gold pieces.
You spent 2991 gold pieces at shops.

Inventory:

Hand Weapons
 i - the +2 rapier "Luhyas" (weapon) {pain, rPois rN+ Int+2 SInv}
   (You bought it in a shop in the Dungeon)

   In the hands of one skilled in necromantic magic, it inflicts extra damage on
   living creatures.
   It affects your intelligence (+2).
   It protects you from poison.
   It protects you from negative energy.
   It lets you see invisible.
Missiles
 q - 2 throwing nets (quivered)
Armour
 a - a +2 cloak (worn)
 h - the +3 hat of Pondering (worn) {ponderous, MR+ MP+10 Int+5}
   (You took it off Gastronok in the Dungeon)

   It affects your intelligence (+5).
   It affects your resistance to hostile enchantments.
   It affects your magic capacity (+10).
 D - the +0 robe of Balo (worn) {Str+6}
   (You found it in the Dungeon)

   It affects your strength (+6).
Jewellery
 f - the ring "Geuklann" (left hand) {rF+ rN+ MR+ Str+3 SInv}
   (You found it in the Dungeon)

   [ring of protection from magic]

   It affects your strength (+3).
   It protects you from fire.
   It protects you from negative energy.
   It affects your resistance to hostile enchantments.
   It lets you see invisible.
 r - a +5 ring of intelligence (right hand)
 t - the ring of Xom's Wantonness {rN+ Int+2}
   (You found it in the Dungeon)

   [ring of positive energy]

   It affects your intelligence (+2).
   It protects you from negative energy.
 x - an uncursed ring of protection from fire
 C - an uncursed ring of resist corrosion
 J - an uncursed ring of protection from cold
 N - an uncursed amulet of rage
 O - the amulet of Eternity (around neck) {-Tele Regen+ MP+9 Int-2 Stlth+}
   (You took it off an orc priest in the Dungeon)

   [amulet of regeneration]

   It affects your intelligence (-2).
   It affects your magic capacity (+9).
   It prevents most forms of teleportation.
   It increases your rate of regeneration.
   It makes you more stealthy.
Wands
 y - a wand of lightning (6/15)
Scrolls
 e - a scroll of recharging
 l - a scroll of fear
 u - a scroll of enchant weapon
 z - a scroll of fog
 E - a scroll of enchant armour
Potions
 c - a potion of brilliance
 d - 24 potions of magic
 g - 9 potions of haste
 m - 9 potions of flight
 n - 4 potions of resistance
 o - 7 potions of cure mutation
 v - 2 potions of berserk rage
 w - a potion of lignification
 H - 27 potions of mutation
Books
 j - a manual of Earth Magic
 s - a manual of Shields
 B - a manual of Spellcasting
 M - Vehumet's Grimoire of Blows and Bruises
   (You found it in the Dungeon)

   Spells                             Type                      Level
   a - Magic Dart                     Conjuration                  1
   b - Throw Flame                    Conjuration/Fire             2
   c - Dazzling Spray                 Conjuration/Hexes            3
   d - Force Lance                    Conjuration/Translocation    4
   e - Irradiate                      Conjuration/Transmutation    5
   f - Lightning Bolt                 Conjuration/Air              5
Miscellaneous
 b - a legendary deck of wonders {the Mercenary}
 A - an ornate deck of wonders {the Mercenary}
 F - an ornate deck of summoning {the Illusion}
 G - a plain deck of wonders {drawn: 1}
 P - a plain deck of summoning
Comestibles
 k - 3 fruits


   Skills:
 + Level 10.0 Fighting
 * Level 17.3 Short Blades
 + Level 9.4 Armour
 * Level 21.5 Dodging
 * Level 23.2 Stealth
 + Level 7.4 Shields
 * Level 20.7 Spellcasting
 + Level 9.2 Conjurations
 + Level 14.2 Hexes
 + Level 11.1 Charms
 + Level 11.2 Translocations
 + Level 9.9 Ice Magic
 - Level 5.0 Invocations


You had 25 spell levels left.
You knew the following spells:

 Your Spells              Type           Power        Failure   Level  Hunger
a - Corona                Hex            #######      0%          1    None
b - Ensorcelled Hibernat  Hex/Ice        ######       0%          2    None
c - Confuse               Hex            #######.     0%          3    None
d - Tukima's Dance        Hex            #######.     0%          3    None
e - Dazzling Spray        Conj/Hex       #######.     1%          3    None
f - Blink                 Tloc           N/A          1%          2    None
g - Shroud of Golubria    Chrm/Tloc      #######...   1%          2    None
h - Passage of Golubria   Tloc           N/A          1%          4    None
i - Ozocubu's Armour      Chrm/Ice       ######..     1%          3    None
j - Bolt of Cold          Conj/Ice       ######....   4%          6    None


Dungeon Overview and Level Annotations

Branches:
Dungeon (1/1)

Altars:
Cheibriados
Dithmenos
Elyvilon
Fedhas
Gozag
Kikubaaqudgha
Makhleb
Nemelex Xobeh
Okawaru
Pakellas
Qazlal
Ru
Sif Muna
Trog
Vehumet
Xom
Yredelemnul
Zin
The Shining One
Beogh
Jiyva
Lugonu

Shops:
D }}::?!(:(*!*=[*![%*=?%}*}:(*=[[[:

Annotations:
D Roxanne


Innate Abilities, Weirdness & Mutations

You are tiny and cannot use many weapons and most armour.
You have supernaturally acute eyesight.
You are a herbivore.
You cover ground extremely quickly.
You need consume almost no food.


Message History

The large abomination completely misses you.
Pasual hits you but does no damage.
Casting: Confuse
Confirm with . or Enter, or press ? or * to list all spells.
Aiming: Confuse
Press: ? - help, Shift-Dir - straight line, f/p - Pasual
Aim: Pasual (black smoke, lightly wounded, umbra, chance to defeat MR: 13%) Pasual appears confused.
Pasual hits the large abomination!
The large abomination hits you!!
* * * LOW HITPOINT WARNING * * *
You emit a cloud of dark smoke.
The large abomination hits you.
* * * LOW HITPOINT WARNING * * *
Unknown command.
You hit Pasual.
Pasual is lightly wounded.
Your shadow barely misses Pasual.
Pasual hits the large abomination!!
You barely miss Pasual.
Pasual is lightly wounded.
Pasual hits the large abomination!
The large abomination hits you!!
You die...

#### .).#
******▓▓▓▓▓▓▓▓▓▓▓▓▓▓▓▓▓▓▓▓▓▓
.[|##▓,,,,,+..XX@X♣♣.....♣♣.....♣
.....▓,,,,,▓^.§▓&♣♣..♣...♣♣.^.♣.♣
.....▓,,,,,▓.▓▓▓X♣♣..♣♣..♣♣..♣♣..
.(.#+▓▓*,,,▓...▓X♣♣.^♣♣..♣..^♣♣..
...#..▓▓▓+▓▓▓▓.▓.♣...♣♣..[...♣♣..
++##...+§.§▓...▓.....▓▓▓▓▓▓▓▓▓▓''
...###.#§§.▓▓▓▓▓▓▓▓▓▓▓▓▓▓▓▓▓.....
.....#.#.§§▓§§§≈≈§≈≈▓▓▓....▓.''''
#(.^.#.##|[▓▓▓▓▓▓▓▓▓▓▓▓'▓▓.▓.'§..


You could see Pasual (confused) and 4 large abominations.

Vanquished Creatures
  the Lernaean hydra (D)
  A bone dragon (D)
  An electric golem (D)
  A hellephant (D)
  A deep elf blademaster (D)
  3 quicksilver dragons (D)
  A deep elf master archer (D)
  Murray (D)
  A kraken (D)
  2 sphinxes (D)
  Gastronok (D)
  Kirke (D)
  A storm dragon (D)
  A frost giant (D)
  A cacodemon (D)
  An orc warlord (D)
  A draconian shifter (D)
  Nessos (D)
  3 lorocyprocas (D)
  A dire elephant (D)
  A crystal guardian (D)
  A fire dragon (D)
  A great orb of eyes (D)
  An ice dragon (D)
  A centaur warrior (D)
  An iron elemental (D)
  A death yak (D)
  2 hell hogs (D)
  Sonja (D)
  An iron golem (D)
  2 death drakes (D)
  2 unseen horrors (D)
  2 deep trolls (D)
  A giant orange brain (D)
  An obsidian statue (D)
  An orange crystal statue (D)
  A harpy (D)
  12 shining eyes (D)
  An oklob plant (D)
  3 griffons (D)
  3 orc sorcerers (D)
  3 sixfirhies (D)
  A siren (D)
  An eye of devastation (D)
  3 toenail golems (D)
  An ice statue (D)
  A yaktaur (D)
  A kobold demonologist (D)
  5 polar bears (D)
  3 slime creatures (D)
  2 boulder beetles (D)
  6 flying skulls (D)
  2 redbacks (D)
  3 yaks (D)
  2 wyverns (D)
  3 hippogriffs (D)
  4 neqoxecs (D)
  Menkaure (D)
  3 soldier ants (D)
  10 giant eyeballs (D)
  A swamp drake (D)
  A wasp (D)
  3 black bears (D)
  A necrophage (D)
  3 crocodiles (D)
  2 earth elementals (D)
  A scorpion (D)
  9 electric eels (D)
  A jelly (D)
  4 orc priests (D)
  An iron imp (D)
  4 worker ants (D)
  A spectral bat (D)
  A spectral giant gecko (D)
  4 ballistomycetes (D)
  A giant spore (D)
158 creatures vanquished.

Vanquished Creatures (collateral kills)
  A skeletal warrior (D)
1 creature vanquished.

Vanquished Creatures (others)
  A yaktaur captain (D)
  A deep elf high priest (D)
  An elephant (D)
  A swamp drake (D)
  A crocodile (D)
  A giant spore (D)
  16 tentacles (D)
  71 tentacle segments (D)
93 creatures vanquished.

Grand Total: 252 creatures vanquished

Notes
Turn   | Place    | Note
--------------------------------------------------------------
     0 | D        | Kidiri the Spriggan Enchanter began the quest for the Orb.
     0 | D        | Reached XP level 1. HP: 9/9 MP: 5/5
     1 | D        | Noticed a worker ant
     1 | D        | Noticed a worker ant
     1 | D        | Noticed a worker ant
     1 | D        | Noticed a worker ant
     4 | D        | Killed a worker ant
     4 | D        | Reached skill level 1 in Fighting
     4 | D        | Reached skill level 1 in Armour
     4 | D        | Reached skill level 5 in Stealth
     4 | D        | Reached XP level 2. HP: 14/14 MP: 5/7
     9 | D        | Killed a crocodile
    13 | D        | Reached skill level 6 in Stealth
    13 | D        | Reached XP level 3. HP: 18/18 MP: 5/9
    18 | D        | Reached skill level 5 in Dodging
    18 | D        | Reached XP level 4. HP: 22/22 MP: 5/11
    31 | D        | Learned a level 2 spell: Ensorcelled Hibernation
    35 | D        | Learned a level 3 spell: Confuse
    39 | D        | Learned a level 3 spell: Tukima's Dance
    43 | D        | Learned a level 3 spell: Dazzling Spray
    45 | D        | Reached skill level 7 in Stealth
    45 | D        | Reached skill level 5 in Spellcasting
   145 | D        | Noticed a boulder beetle
   145 | D        | Noticed a boulder beetle
   148 | D        | Noticed a neqoxec
   148 | D        | Noticed a neqoxec
   148 | D        | Noticed a neqoxec
   148 | D        | Noticed a neqoxec
   151 | D        | Killed a neqoxec
   151 | D        | Reached skill level 5 in Short Blades
   151 | D        | Reached skill level 8 in Stealth
   151 | D        | Reached skill level 1 in Conjurations
   151 | D        | Reached skill level 5 in Hexes
   151 | D        | Reached skill level 1 in Ice Magic
   151 | D        | Reached XP level 5. HP: 27/27 MP: 7/14
   154 | D        | Killed a neqoxec
   154 | D        | Reached skill level 9 in Stealth
   154 | D        | Reached XP level 6. HP: 32/32 MP: 3/17
   163 | D        | Killed a neqoxec
   163 | D        | Reached skill level 10 in Stealth
   170 | D        | Killed a neqoxec
   170 | D        | Reached XP level 7. HP: 36/36 MP: 12/19
   217 | D        | Noticed a siren
   220 | D        | Killed a siren
   220 | D        | Reached skill level 10 in Dodging
   220 | D        | Reached skill level 11 in Stealth
   236 | D        | Killed a boulder beetle
   236 | D        | Reached XP level 8. HP: 42/42 MP: 22/22
   245 | D        | Killed a boulder beetle
   258 | D        | Noticed an orange crystal statue
   260 | D        | Noticed Menkaure
   262 | D        | Killed Menkaure
   262 | D        | Reached skill level 12 in Stealth
   277 | D        | Noticed an ice statue
   281 | D        | Found Dufi's Antique Armour Shop.
   282 | D        | Found Zugygor's Antique Armour Boutique.
   283 | D        | Found Wafuf's Assorted Antiques.
   283 | D        | Found Veun's Antique Weapon Shop.
   284 | D        | Found Roeghac's Gadget Shop.
   284 | D        | Found Mebuy's Food Boutique.
   294 | D        | Found Huosar's Antique Armour Boutique.
   294 | D        | Found Ezxij's Distillery.
   296 | D        | Found Nackoras's Distillery.
   296 | D        | Found Poadghaty's Magic Scroll Shop.
   296 | D        | Found Damoo's General Store.
   297 | D        | Found Tageqoosm's Book Shop.
   297 | D        | Found Jeizudd's General Store.
   298 | D        | Found Imepa's Jewellery Shop.
   298 | D        | Found Mikueki's Jewellery Boutique.
   300 | D        | Noticed an oklob plant
   301 | D        | Found Kyhuge's Book Shoppe.
   304 | D        | Noticed a polar bear
   306 | D        | Noticed a polar bear
   309 | D        | Bought a polished rapier for 261 gold pieces
   309 | D        | Identified the +2 rapier "Luhyas" {pain, rPois rN+ Int+2 SInv} (You bought it in a shop in the Dungeon)
   362 | D        | Found a radiant altar of Vehumet.
   362 | D        | Found a burning altar of Makhleb.
   363 | D        | Found a roughly hewn altar of Beogh.
   363 | D        | Found an opulent altar of Gozag.
   363 | D        | Found a shadowy altar of Dithmenos.
   364 | D        | Found a deep blue altar of Sif Muna.
   364 | D        | Found a shimmering altar of Xom.
   364 | D        | Found a snail-covered altar of Cheibriados.
   365 | D        | Found a viscous altar of Jiyva.
   365 | D        | Found a corrupted altar of Lugonu.
   365 | D        | Found a basalt altar of Yredelemnul.
   366 | D        | Found a glowing silver altar of Zin.
   366 | D        | Found a blossoming altar of Fedhas.
   366 | D        | Found a bloodstained altar of Trog.
   367 | D        | Found a stormy altar of Qazlal.
   367 | D        | Found an ancient bone altar of Kikubaaqudgha.
   369 | D        | Found a white marble altar of Elyvilon.
   369 | D        | Found a sparkling altar of Nemelex Xobeh.
   369 | D        | Found an iron altar of Okawaru.
   369 | D        | Found an oddly glowing altar of Pakellas.
   369 | D        | Noticed a polar bear
   370 | D        | Found a glowing golden altar of the Shining One.
   370 | D        | Found a sacrificial altar of Ru.
   370 | D        | Noticed a yaktaur
   375 | D        | Became a worshipper of Dithmenos the Shadowed
   383 | D        | Noticed a polar bear
   383 | D        | Noticed a polar bear
   384 | D        | Killed a polar bear
   385 | D        | Killed a polar bear
   385 | D        | Reached skill level 10 in Spellcasting
   385 | D        | Reached skill level 1 in Invocations
   387 | D        | Reached * piety under Dithmenos
   387 | D        | Reached XP level 9. HP: 46/46 MP: 22/24
   388 | D        | Killed a polar bear
   388 | D        | Reached skill level 13 in Stealth
   390 | D        | Killed a yaktaur
   409 | D        | Reached ** piety under Dithmenos
   423 | D        | Noticed a fire dragon
   429 | D        | Killed a fire dragon
   429 | D        | Reached skill level 5 in Fighting
   429 | D        | Reached skill level 10 in Short Blades
   429 | D        | Reached skill level 14 in Stealth
   443 | D        | Noticed a deep elf master archer
   634 | D        | Noticed a great orb of eyes
   636 | D        | Killed a great orb of eyes
   636 | D        | Reached *** piety under Dithmenos
   636 | D        | Reached skill level 5 in Armour
   636 | D        | Reached XP level 10. HP: 51/51 MP: 26/26
   926 | D        | Killed a deep elf master archer
   926 | D        | Reached skill level 15 in Stealth
   926 | D        | Reached skill level 5 in Ice Magic
   935 | D        | Noticed a death drake
  1002 | D        | Noticed a kraken
  1189 | D        | Killed a kraken
  1189 | D        | Reached skill level 5 in Conjurations
  1189 | D        | Reached skill level 5 in Invocations
  1400 | D        | Reached **** piety under Dithmenos
  1400 | D        | Reached XP level 11. HP: 56/56 MP: 24/28
  1419 | D        | Noticed Roxanne
  1441 | D        | Noticed a deep troll
  1442 | D        | Noticed a deep troll
  1444 | D        | Killed a deep troll
  1444 | D        | Reached skill level 16 in Stealth
  1445 | D        | Killed a deep troll
  1466 | D        | Noticed a sphinx
  1467 | D        | Noticed a sphinx
  1469 | D        | Killed a sphinx
  1469 | D        | Reached skill level 15 in Dodging
  1469 | D        | Reached skill level 10 in Hexes
  1470 | D        | Killed a sphinx
  1470 | D        | Reached skill level 17 in Stealth
  1523 | D        | Noticed a death drake
  1523 | D        | Noticed a crystal guardian
  1526 | D        | Killed a crystal guardian
  1526 | D        | Reached ***** piety under Dithmenos
  1531 | D        | Killed a death drake
  1538 | D        | Killed a death drake
  1599 | D        | Noticed a hell hog
  1599 | D        | Noticed an iron elemental
  1599 | D        | Noticed a hell hog
  1599 | D        | Noticed a death yak
  1605 | D        | Killed a death yak
  1624 | D        | Killed a hell hog
  1624 | D        | Reached XP level 12. HP: 48/63 MP: 8/31
  1632 | D        | Killed a hell hog
  1632 | D        | Reached ****** piety under Dithmenos
  1632 | D        | Reached skill level 18 in Stealth
  1670 | D        | Killed an iron elemental
  1798 | D        | Bought a scroll of remove curse for 33 gold pieces
  1812 | D        | Bought a cloak for 126 gold pieces
  1821 | D        | Bought a glowing robe for 13 gold pieces
  1842 | D        | Bought a scroll of enchant armour for 82 gold pieces
  1842 | D        | Bought a scroll of magic mapping for 38 gold pieces
  1847 | D        | Learned a level 2 spell: Blink
  1850 | D        | Learned a level 2 spell: Shroud of Golubria
  1855 | D        | Learned a level 4 spell: Passage of Golubria
  1905 | D        | Noticed an electric golem
  1908 | D        | Reached skill level 1 in Charms
  1908 | D        | Reached skill level 1 in Translocations
  1920 | D        | Killed an electric golem
  1920 | D        | Reached skill level 15 in Spellcasting
  2155 | D        | Got a pitted platinum ring
  2157 | D        | Identified the ring of Xom's Wantonness {rN+ Int+2} (You found it in the Dungeon)
  2197 | D        | Noticed a hellephant
  2198 | D        | Noticed Sonja
  2198 | D        | Noticed a green draconian shifter
  2207 | D        | Killed a green draconian shifter
  2207 | D        | Reached skill level 19 in Stealth
  2208 | D        | Killed Sonja
  2212 | D        | Killed a hellephant
  2392 | D        | Noticed a deep elf blademaster
  2393 | D        | Killed a deep elf blademaster
  2393 | D        | Reached skill level 5 in Charms
  2393 | D        | Reached skill level 5 in Translocations
  2393 | D        | Reached XP level 13. HP: 66/66 MP: 28/33
  2664 | D        | Noticed a dire elephant
  2667 | D        | Killed a dire elephant
  2667 | D        | Reached skill level 20 in Stealth
  2701 | D        | Got a vibrating amber ring
  2736 | D        | Identified the Grimoire of Attacks and the Snowflakes
  2741 | D        | Identified the ring "Geuklann" {rF+ rN+ MR+ Str+3 SInv} (You found it in the Dungeon)
  2745 | D        | Got a colourful robe
  2756 | D        | Identified the cursed +0 robe of Balo {Str+6} (You found it in the Dungeon)
  2778 | D        | Learned a level 3 spell: Ozocubu's Armour
  2785 | D        | Learned a level 6 spell: Bolt of Cold
  2793 | D        | Noticed Gastronok
  2795 | D        | Killed Gastronok
  2795 | D        | Reached skill level 15 in Short Blades
  2795 | D        | Reached skill level 1 in Shields
  2930 | D        | Found Delef's Book Shoppe.
  2931 | D        | Found Zeidytai's Armour Boutique.
  2939 | D        | Found Akabucuh's Assorted Antiques.
  3028 | D        | Found Nageti's Book Shop.
  3029 | D        | Noticed Nessos
  3031 | D        | Killed Nessos
  3035 | D        | Bought a manual of Spellcasting for 1214 gold pieces
  3038 | D        | Bought a pearl ring for 130 gold pieces
  3038 | D        | Bought 2 scrolls of enchant armour for 390 gold pieces
  3038 | D        | Bought a scroll of identify for 52 gold pieces
  3038 | D        | Bought a scroll of identify for 52 gold pieces
  3392 | D        | Gained mutation: Your spells are a little easier to cast, but a little less powerful. [a shining eye]
  3396 | D        | Gained mutation: Your body sometimes deteriorates upon taking damage. [a shining eye]
  3425 | D        | Gained mutation: Potions and wands are less effective at restoring your health. [a shining eye]
  3427 | D        | Gained mutation: You are somewhat resistant to further mutation. [a shining eye]
  3486 | D        | Gained mutation: Your body often deteriorates upon taking damage. [a shining eye]
  3591 | D        | Gained mutation: You are dopey. (Int -2) [a shining eye]
  3595 | D        | Gained mutation: You are very dopey. (Int -4) [a shining eye]
  3605 | D        | Reached skill level 21 in Stealth
  3704 | D        | Noticed a quicksilver dragon
  3706 | D        | Killed a quicksilver dragon
  3730 | D        | Noticed a lorocyproca
  3736 | D        | Noticed a lorocyproca
  3737 | D        | Killed a lorocyproca
  3757 | D        | Noticed a quicksilver dragon
  3757 | D        | Noticed a quicksilver dragon
  3759 | D        | Killed a quicksilver dragon
  3766 | D        | Killed a quicksilver dragon
  3766 | D        | Reached XP level 14. HP: 50/73 MP: 19/37
  4048 | D        | Noticed Kirke
  4049 | D        | Noticed a bone dragon
  4049 | D        | Noticed a golden dragon
  4049 | D        | Noticed a storm dragon
  4051 | D        | Noticed a cacodemon
  4055 | D        | Lost mutation: You are very dopey. (Int -4) [potion of cure mutation]
  4055 | D        | Lost mutation: You are dopey. (Int -2) [potion of cure mutation]
  4055 | D        | Lost mutation: Your body often deteriorates upon taking damage. [potion of cure mutation]
  4056 | D        | Lost mutation: Potions and wands are less effective at restoring your health. [potion of cure mutation]
  4056 | D        | Lost mutation: Your body sometimes deteriorates upon taking damage. [potion of cure mutation]
  4056 | D        | Lost mutation: Your spells are a little easier to cast, but a little less powerful. [potion of cure mutation]
  4056 | D        | Lost mutation: You are somewhat resistant to further mutation. [potion of cure mutation]
  4106 | D        | Killed a cacodemon
  4106 | D        | Reached skill level 5 in Shields
  4125 | D        | Noticed a frost giant
  4711 | D        | Killed a bone dragon
  4711 | D        | Reached skill level 22 in Stealth
  4730 | D        | Killed Kirke
  5033 | D        | Killed a frost giant
  5033 | D        | Reached skill level 10 in Charms
  5258 | D        | Killed a storm dragon
  5258 | D        | Reached skill level 10 in Translocations
  5441 | D        | Found Zouz's Gadget Emporium.
  5441 | D        | Found Heddotal's Magic Scroll Shop.
  5441 | D        | Found Mucve's Gadget Shop.
  5441 | D        | Found Saim's Distillery.
  5441 | D        | Found Zecitsao's Weapon Boutique.
  5442 | D        | Found Orin's Book Shoppe.
  5442 | D        | Found Jeuxuw's Jewellery Boutique.
  5442 | D        | Found Loecuapo's Food Emporium.
  5442 | D        | Found Igudedig's General Store.
  5442 | D        | Found Enkel's Armour Emporium.
  5442 | D        | Found Oriymusi's Assorted Antiques.
  5442 | D        | Found Qarien's Gadget Shoppe.
  5448 | D        | Bought a potion of heal wounds for 55 gold pieces
  5448 | D        | Bought a potion of heal wounds for 55 gold pieces
  5449 | D        | Bought a scroll of identify for 28 gold pieces
  5449 | D        | Bought a scroll of identify for 28 gold pieces
  5449 | D        | Bought a scroll of identify for 28 gold pieces
  5452 | D        | Bought a scroll of identify for 28 gold pieces
  5452 | D        | Bought a scroll of identify for 28 gold pieces
  5460 | D        | Bought a potion of heal wounds for 100 gold pieces
  5572 | D        | Bought an uncursed ring of protection from cold for 250 gold pieces
  5718 | D        | Noticed an orc warlord
  5726 | D        | Noticed the 27-headed Lernaean hydra
  5873 | D        | Killed an orc warlord
  5911 | D        | Killed the 27-headed Lernaean hydra
  5911 | D        | Reached skill level 23 in Stealth
  5927 | D        | Found Sis Guh's Antique Weapon Shoppe.
  5936 | D        | Identified Vehumet's Grimoire of Blows and Bruises
  5965 | D        | Got a warped garnet amulet
  5980 | D        | Identified the amulet of Eternity {-Tele Regen+ MP+9 Int-2 Stlth+} (You took it off an orc priest in the Dungeon)
  5988 | D        | Drew Focus: Dex increased to 20, Str decreased to 3
  6221 | D        | Noticed Murray
  6251 | D        | Killed Murray
  6251 | D        | Reached skill level 10 in Fighting
  6361 | D        | Got the Orb of Zot
  6367 | D        | Noticed Pasual the pandemonium lord
  6379 | D        | Demolished by a large abomination

Vault maps used:
D:        the_violet_keep_of_menkaure

Skill      XL: |  1  2  3  4  5  6  7  8  9 10 11 12 13 14 |
---------------+-------------------------------------------+-----
Fighting       | 1 2 3 4 5 6 7 8 9 10 | 10.0
Short Blades   | 2 3 5 6 7 8 9 10 11 13 14 16 17 | 17.3
Armour         | 1 2 3 4 5 6 7 8 9 |  9.4
Dodging        | 4 5 7 8 9 10 11 13 14 16 18 20 21 | 21.5
Stealth        | 5 6 8 9 10 11 12 14 15 17 19 21 23 | 23.2
Spellcasting   | 3 4 6 7 8 9 10 11 12 14 15 18 20 | 20.7
Hexes          | 4 5 6 7 8 9 11 13 14 | 14.2
Conjurations   | 1 2 3 4 5 6 7 8 9 |  9.2
Ice Magic      | 1 2 3 4 5 6 7 9 |  9.9
Invocations    | 1 3 5 |  5.0
Charms         | 5 8 11 | 11.1
Translocations | 5 8 11 | 11.2
Shields        | 4 7 |  7.4

Action                   |  1- 3 |  4- 6 |  7- 9 | 10-12 | 13-15 || total
-------------------------+-------+-------+-------+-------+-------++-------
Melee: Dagger            |    14 |     6 |     5 |       |       ||    25
       Rapier            |       |       |    12 |    75 |   189 ||   276
Throw: Throwing net      |       |       |       |       |     5 ||     5
 Cast: Ensorcelled Hiber |       |     8 |     6 |    20 |    30 ||    64
       Dazzling Spray    |       |       |     1 |    55 |    75 ||   131
       Confuse           |       |       |       |    11 |    32 ||    43
       Shroud of Golubri |       |       |       |     1 |     3 ||     4
       Bolt of Cold      |       |       |       |       |    28 ||    28
       Passage of Golubr |       |       |       |       |     6 ||     6
       Ozocubu's Armour  |       |       |       |       |     3 ||     3
       Blink             |       |       |       |       |     3 ||     3
       Tukima's Dance    |       |       |       |       |     2 ||     2
Invok: Shadow Step       |       |       |       |     4 |    10 ||    14
Evoke: Deck              |       |       |       |       |     1 ||     1
  Use: Potion            |     1 |     1 |       |     9 |    14 ||    25
       Scroll            |       |       |       |    17 |    12 ||    29
 Stab: Sleeping          |     1 |     5 |    14 |    23 |    57 ||   100
       Invisible         |       |       |     1 |    15 |     8 ||    24
       Confused          |       |       |       |     1 |    12 ||    13
       Distracted        |       |       |       |     1 |     2 ||     3
       Held in net/web   |       |       |       |       |     2 ||     2
  Eat: Bread ration      |       |       |       |       |     1 ||     1
Armor: Robe              |     1 |       |       |     6 |    21 ||    28
Dodge: Dodged            |    14 |     8 |    12 |   121 |   347 ||   502
